Map: Dusk Towers

Players

Miszu - Winner!

  • Race: Terran Terran
  • League: Master

JeaL

  • Race: Protoss Protoss
  • League: Master

VOD

Have the link to the VOD?

Description

Time

  • Played on: Feb. 5, 2016, 7:33 a.m.
  • Length: 12:19
Show
View Real Time Build Order
Export as new Build Order

Miszu Terran - Winner!

Build Orders: Command Center First (CC), MMM Bio 

Get SALT Encoding   

  12  0:00  SCV  
  13  0:13  SCV  
  14  0:17  Supply Depot  
  14  0:25  SCV  
  15  0:39  SCV  
  16  0:51  SCV  
  17  1:00  Command Center  
  17  1:03  SCV  
  18  1:15  SCV  
  18  1:17  Barracks  
  19  1:27  SCV  
  19  1:30  Barracks  
  20  1:39  SCV  
  21  1:45  Barracks  
  21  1:51  SCV  
  22  2:04  Marine, Orbital Command  
  23  2:12  Orbital Command  
  23  2:17  Marine  
  23  2:22  Marine  
  24  2:29  SCV  
  26  2:32  Marine  
  26  2:35  Marine  
  29  2:37  SCV  
  29  2:40  Marine  
  29  2:41  Refinery  
  29  2:42  Refinery  
  30  2:45  SCV  
  30  2:49  SCV  
  30  2:51  Marine  
  33  2:53  Marine  
  33  2:57  SCV  
  35  2:59  Supply Depot  
  35  3:01  Supply Depot, SCV  
  35  3:03  Marine  
  37  3:09  SCV  
  38  3:20  Marine, Barracks Tech Lab, SCV  
  38  3:21  SCV  
  38  3:26  Marine  
  42  3:32  SCV  
  42  3:33  SCV  
  44  3:35  Supply Depot  
  44  3:38  Marine  
  45  3:41  Stimpack  
  45  3:44  Marine x2, SCV  
  45  3:45  SCV  
  49  3:49  Refinery  
  49  3:55  Marine  
  49  3:56  SCV  
  49  3:57  SCV  
  49  4:02  Marine x2  
  54  4:05  Supply Depot  
  54  4:08  SCV  
  54  4:09  SCV  
  56  4:13  Marine  
  57  4:18  Supply Depot  
  57  4:20  Marine x2  
  57  4:21  SCV x2  
  57  4:23  Engineering Bay  
  61  4:27  Supply Depot  
  61  4:31  Marine  
  61  4:33  SCV  
  61  4:34  SCV  
  61  4:37  Marine x2  
  66  4:43  Supply Depot  
  66  4:45  SCV  
  67  4:49  Factory, Marine, SCV  
  69  4:54  Terran Infantry Weapons Level 1, Command Center  
  69  4:56  Refinery, Marauder  
  69  4:57  SCV  
  73  5:03  Missile Turret  
  73  5:07  Missile Turret  
  73  5:10  Barracks Reactor, Barracks Tech Lab  
  73  5:13  SCV  
  73  5:14  SCV  
  74  5:19  Barracks  
  74  5:21  Barracks  
  74  5:27  SCV  
  74  5:28  SCV  
  78  5:32  Marauder  
  78  5:34  Starport, Factory Reactor  
  77  5:38  Supply Depot  
  77  5:39  SCV  
  78  5:43  SCV  
  81  5:50  Marauder  
  81  5:51  Combat Shields  
  81  5:52  Concussive Shells  
  81  5:53  SCV  
  81  5:55  SCV  
  81  5:56  Supply Depot  
  83  6:01  Starport  
  83  6:03  Supply Depot  
  83  6:05  SCV  
  83  6:08  SCV  
  85  6:14  Orbital Command  
  85  6:15  Liberator  
  85  6:16  Liberator  
  85  6:17  SCV  
  86  6:18  Barracks Tech Lab  
  86  6:19  Barracks Reactor, Fusion Core  
  86  6:20  SCV  
  87  6:29  SCV  
  88  6:35  Refinery  
  94  6:44  Orbital Command  
  96  6:47  Starport Tech Lab, Marauder  
  96  6:49  Marine, Marauder  
  96  6:50  Barracks Reactor, Marauder  
  101  6:59  Missile Turret  
  101  7:00  Refinery, SCV x2  
  103  7:07  Medivac, Advanced Ballistics  
  103  7:08  Marauder  
  107  7:09  SCV  
  107  7:12  SCV x2  
  110  7:16  Liberator x2  
  110  7:17  Supply Depot  
  110  7:21  SCV  
  110  7:22  Marine  
  113  7:23  Marine, Marauder  
  113  7:24  SCV x2  
  117  7:30  Marauder  
  117  7:33  SCV  
  117  7:34  Marine  
  117  7:35  Marauder  
  117  7:36  SCV  
  117  7:37  SCV  
  131  7:40  Terran Infantry Armor Level 1  
  131  7:43  Supply Depot  
  131  7:44  Supply Depot  
  130  7:45  SCV  
  130  7:46  Supply Depot  
  130  7:48  Liberator  
  130  7:50  Marauder  
  133  7:59  Liberator  
  133  8:05  Liberator  
  130  8:06  Marine  
  130  8:07  Marine x4, Marauder  
  130  8:11  Marine  
  141  8:16  Supply Depot  
  141  8:18  Supply Depot  
  141  8:19  Supply Depot  
  144  8:21  Command Center  
  144  8:24  Refinery  
  144  8:25  Marauder  
  149  8:30  Refinery  
  149  8:31  Liberator  
  149  8:35  Marine x5, Marauder  
Show
View Real Time Build Order
Export as new Build Order

JeaL Protoss 

Build Orders: 1 Gate Expand, Double Forge 

Get SALT Encoding   

  12  0:01  Probe (Chrono Boost)  
  13  0:11  Probe (Chrono Boost)  
  14  0:16  Pylon  
  14  0:22  Probe (Chrono Boost)  
  15  0:35  Probe (Chrono Boost)  
  16  0:37  Gateway  
  16  0:45  Probe (Chrono Boost)  
  16  0:46  Assimilator  
  17  0:56  Probe (Chrono Boost)  
  18  1:06  Probe (Chrono Boost)  
  19  1:23  Nexus  
  19  1:25  Probe (Chrono Boost)  
  20  1:36  Probe (Chrono Boost)  
  20  1:37  Cybernetics Core  
  21  1:41  Pylon  
  21  1:47  Probe (Chrono Boost)  
  22  1:54  Assimilator  
  22  1:58  Probe (Chrono Boost)  
  23  2:08  Probe (Chrono Boost)  
  24  2:22  Warp Gate  
  24  2:23  Adept (Chrono Boost)  
  27  2:30  Probe  
  27  2:33  Probe (Chrono Boost)  
  28  2:46  Probe x2 (Chrono Boost)  
  30  3:00  Nexus, Stalker  
  30  3:01  Probe x2 (Chrono Boost)  
  34  3:11  Probe (Chrono Boost)  
  35  3:13  Probe (Chrono Boost)  
  36  3:20  Twilight Council  
  36  3:22  Mothership Core (Chrono Boost)  
  36  3:24  Probe (Chrono Boost)  
  39  3:34  Probe (Chrono Boost)  
  39  3:36  Sentry  
  39  3:40  Probe (Chrono Boost)  
  43  3:45  Probe (Chrono Boost)  
  44  3:51  Probe (Chrono Boost)  
  44  3:53  Gateway  
  44  3:54  Pylon, Probe (Chrono Boost)  
  46  3:58  Gateway  
  46  3:59  Resonating Glaives (Chrono Boost)  
  46  4:06  Pylon  
  46  4:10  Probe  
  46  4:11  Probe  
  46  4:12  Probe  
  49  4:18  Pylon  
  49  4:20  Probe  
  49  4:22  Probe  
  49  4:23  Probe  
  52  4:27  Forge x2, Sentry  
  52  4:31  Probe  
  54  4:33  Probe  
  54  4:35  Probe  
  57  4:39  Assimilator  
  57  4:41  Probe  
  57  4:43  Probe, Assimilator  
  57  4:44  Robotics Facility  
  59  4:47  Probe  
  59  4:52  Pylon, Probe  
  60  4:53  Stalker  
  60  4:56  Adept  
  65  5:00  Protoss Ground Weapons Level 1, Protoss Ground Armor Level 1  
  65  5:01  Probe  
  65  5:02  Probe  
  65  5:04  Probe  
  68  5:12  Probe  
  69  5:14  Gateway, Probe x2  
  69  5:20  Stalker  
  73  5:22  Probe  
  73  5:26  Probe  
  75  5:36  Robotics Bay, Probe  
  75  5:37  Observer (Chrono Boost)  
  75  5:38  Pylon  
  75  5:39  Probe  
  75  5:40  Pylon  
  75  5:42  Probe  
  78  5:49  Probe  
  79  5:51  Probe  
  79  5:52  Probe  
  79  5:53  Assimilator  
  79  5:56  Robotics Facility  
  82  5:57  Assimilator  
  82  6:00  Blink  
  82  6:01  Probe  
  82  6:03  Probe  
  82  6:04  Probe  
  84  6:05  Observer (Chrono Boost)  
  86  6:11  Adept  
  86  6:12  Adept x2  
  86  6:13  Pylon, Probe  
  86  6:14  Probe  
  86  6:15  Probe  
  95  6:20  Pylon  
  95  6:26  Probe  
  95  6:27  Observer (Chrono Boost)  
  95  6:28  Probe  
  95  6:29  Probe  
  95  6:32  Nexus  
  99  6:34  Pylon  
  99  6:36  Extended Thermal Lance  
  99  6:38  Probe  
  100  6:46  Observer (Chrono Boost)  
  100  6:47  Gateway  
  101  6:49  Pylon x2  
  101  6:51  Probe  
  101  6:53  Colossus (Chrono Boost)  
  108  6:56  Adept  
  108  6:57  Adept  
  112  7:03  Probe  
  112  7:04  Probe  
  114  7:10  Colossus (Chrono Boost), Photon Cannon  
  114  7:12  Pylon  
  114  7:15  Protoss Ground Armor Level 2 (Chrono Boost)  
  120  7:17  Probe x3  
  123  7:26  Pylon  
  123  7:28  Protoss Ground Weapons Level 2 (Chrono Boost)  
  123  7:29  Pylon  
  123  7:34  Adept x2, Photon Cannon  
  123  7:36  Stalker  
  129  7:43  Probe  
  129  7:44  Colossus  
  130  7:49  Stalker  
  138  7:56  Gateway  
  138  8:00  Stalker x2  
  136  8:06  Probe  
  136  8:08  Colossus, Pylon  
  136  8:11  Gateway  
  137  8:12  Gateway  
  137  8:14  Gateway  
  137  8:18  Gateway  
  143  8:26  Stalker x4  
Tags
 
Add a new tag
Caveats
  • Supply blocks, unpowered buildings, or Contaminate may cause inaccurate times.
  • Supply counts are checked every 10 seconds.